 Dungeon Crawl Stone Soup version 0.27.1-34-g3ba077fa99 (console) character file.

Game seed: 16745921020708331473

26 Banquo the Cutter (level 3, 0/30 HPs)
             Began as a Djinni Chaos Knight on Jan 7, 2022.
             Was a Plaything of Xom.
             Slain by an adder (2 damage)
             ... on level 1 of the Dungeon.
             The game lasted 00:02:08 (982 turns).

Banquo the Cutter (Djinni Chaos Knight)              Turns: 982, Time: 00:02:08

Health: 0/30       AC:  5    Str: 11    XL:     3   Next: 22%
Gold:   27         EV: 11    Int: 14    God:    Xom [..*...] SH:  0 Dex: 12

rFire    + + .     SeeInvis .   a - +0 short sword (chaos)
rCold    x . .     Faith    .   (no shield)
rNeg     . . .     Spirit   .   b - +2 leather armour
rPois    ∞         Reflect  .   (no helmet)
rElec    .         Harm     .   (no cloak)
rCorr    .         Rampage  .   (no gloves)
Will     .....                  (boots unavailable)
Stlth    +.........             (no amulet)
HPRegen  0.10/turn              (no ring)
MPRegen  0.00/turn              (no ring)

@: flying
A: sickness immunity, fire resistance 2, cold vulnerability 1, float, innate
caster, hp casting, extra vitality 1
a: Renounce Religion


You were on level 1 of the Dungeon.
You worshipped Xom.
You were a toy of Xom.
You visited 1 branch of the dungeon, and saw 2 of its levels.

You collected 27 gold pieces.

Inventory:

Hand Weapons
 a - a +0 short sword of chaos (weapon)
 f - a +0 spear
Missiles
 c - 19 stones (quivered)
 e - 17 poisoned darts
Armour
 b - a +2 leather armour (worn)
Scrolls
 d - 2 scrolls of identify {unknown}
 i - a scroll of blinking {unknown}
Potions
 g - 2 potions of attraction {unknown}
 h - a potion of flight {unknown}
 j - a potion of ambrosia {unknown}


   Skills:
 - Level 3.0 Fighting
 * Level 3.5 Short Blades
 * Level 1.4 Armour
 - Level 2.1 Dodging


You had one spell level left.
You knew the following spells:

 Your Spells              Type           Power      Damage    Failure   Level
a - Sandblast             Erth           0%         2d4       36%         1
Your spell library was empty.

Dungeon Overview and Level Annotations

Branches:
Dungeon (2/15)

Altars:

Shops:
D:1 [


Innate Abilities, Weirdness & Mutations

You are immune to sickness and miasma.
You are immune to poison.
Your flesh is very heat resistant. (rF++)
You are vulnerable to cold. (rC-)
You float through the air rather than walking.
You learn spells naturally, not from books.
Your magical power is your life essence.
You have superior vitality. (+4 HP)


Message History

A goblin comes into view. It is wielding a +0 club.
The goblin shouts!
A ball python comes into view.
The adder bites you but does no damage.
A hobgoblin comes into view.
Your leather armour prevents you from hitting the adder.
The adder bites you but does no damage. The goblin barely misses you.
The ball python hisses angrily.
The hobgoblin shouts!
You hit the adder.
The adder flickers and vanishes!
Deactivating autopickup; reactivate with Ctrl-A.
Something bites you. The goblin hits you but does no damage.
The goblin hits you but does no damage.
A dart slug comes into view.
The hobgoblin throws a stone.
The stone hits you. Something bites you. Something bites you.
There is a stone staircase leading up here.
Something bites you but does no damage. The ball python closely misses you. x2
You fly upwards.
Reactivating autopickup.
There is a stone staircase leading down here.
Something bites you.
Deactivating autopickup; reactivate with Ctrl-A.
The ball python closely misses you. x2
Something bites you.
You barely miss something. Something bites you.
You miss something. Something bites you.
* * * LOW HITPOINT WARNING * * *
You closely miss something. Something bites you but does no damage.
You miss something. Something bites you but does no damage.
Something bites you.
* * * LOW HITPOINT WARNING * * *
You miss something. Something bites you but does no damage.
You closely miss something. Something bites you.
* * * LOW HITPOINT WARNING * * *
You completely miss something. Something bites you but does no damage.
You hit something but do no damage. Something bites you.
* * * LOW HITPOINT WARNING * * *
You closely miss something. Something barely misses you. Something bites you.
You die...
Xom yawns loudly!

#.# #..# #.#####...
####.# #..# #.# ##.#
#....# #.## #.# #.>
#.##.#####.#######.#
###
#..........>.......#
#
#.#####.......######
# #.# ####S##.#
###### #.# #{##.#
#...).
###.########@##.#
#.####
#............##.#
##.##
#.#############.#
#...# #.#
#..........#
###...### #.#
#.##########
#.......# #.# #.#
#.......# #.# #.#
#.......# #.#
#.#########
###...#.# #.#
#.........#
####.).#.#


You could see a ball python.

Vanquished Creatures
  A dart slug (D:2)
  An endoplasm (D:1)
  A giant cockroach (D:1)
  3 goblins (D:1)
  A hobgoblin (D:1)
  2 kobolds (D:1)
  A quokka (D:1)
  5 ball pythons
  A bat (D:1)
  5 frilled lizards (D:1)
  4 rats (D:1)
25 creatures vanquished.

Notes
Turn   | Place    | Note
-------+----------+-------------------------------------------
     0 | D:1      | Banquo the Djinni Chaos Knight began the quest for the Orb.
     0 | D:1      | Reached XP level 1. HP: 20/20 MP: 0/0
   155 | D:1      | Reached XP level 2. HP: 25/25 MP: 0/0
   181 | D:1      | XOM: silly message
   336 | D:1      | Found Etijiynn's Armour Boutique.
   595 | D:1      | Reached XP level 3. HP: 26/30 MP: 0/0
   595 | D:1      | Learned a level 1 spell: Sandblast
   822 | D:1      | XOM: silly message
   982 | D:1      | Slain by an adder

Illustrated notes

Levels and vault maps discovered:
D:1:      lightli_arrival_lavapool, layout_loops_ring, serial_shops, shop
D:2:      layout_rooms, shapermc_ecumenical_altar_hornbeckon, basic_altar

Skill      XL: |  1 |
---------------+----+-----
Short Blades   | 3 |  3.5
Fighting       | |  3.0
Armour         | |  1.4
Dodging        | |  2.1

Action                   || total
-------------------------++-------
Melee: Short sword       ||    72
 Stab: Sleeping          ||     1
Armor: Leather armour    ||    23
Dodge: Dodged            ||    33
